AoeStats
← DEADPOOL67

Arena

510100537Analyzed
2v2 RM · 2d ago on Sep 29, 2026· 43m 21s· 4 players
Game mode
Random Map
Map size
Medium (4 player)
Population
200
Speed
Normal
Resources
Standard
Victory
Conquest
Starting age
Dark Age
Ending age
Imperial Age
RankedLock teamsTeams togetherTeam positionsShared explorationLock speedFull tech treeHidden civsTurbo modeCheats
Victory
Defeat
🇷🇴 Britons · Romania
1034
+13
🇷🇴 Byzantines · Romania
855
+21
🇪🇸 Franks · Spain
1007
-19
🇪🇸 Turks · Spain
922
-15
Razvaldo
11:35 Feudal Age
17:16 Castle Age
15:20 Double-Bit Axe
18:53 Bow Saw
22:53 Stone Mining
25:49 Stone Shaft Mining
26:03 Horse Collar
27:20 Wheelbarrow
27:01 Gold Mining
26:36 Pikeman
28:18 Gold Shaft Mining
31:42 Imperial Age
29:48 Treadmill Crane
30:55 Hand Cart
30:25 Loom
31:00 Caravan
30:24 Crossbowman
31:09 Thumb Ring
30:25 Elite Skirmisher
31:56 Padded Archer Armor
31:46 Fletching
33:35 Chemistry
32:51 Heavy Plow
32:59 Arbalester
34:24 Squires
35:12 Leather Archer Armor
34:52 Bodkin Arrow
34:57 Scale Mail Armor
35:08 Forging
35:26 Ballistics
39:16 Crop Rotation
39:52 Two-Man Saw
40:00 Ring Archer Armor
39:30 Bracer
39:31 Murder Holes
39:49 Fortified Wall
39:59 Heavy Camel Rider
41:09 Chain Mail Armor
41:29 Iron Casting
41:00 Scale Barding Armor
40:53 Halberdier
DEADPOOL67
10:34 Feudal Age
16:54 Castle Age
16:01 Double-Bit Axe
15:57 Horse Collar
16:10 Stone Mining
22:25 Loom
24:02 Wheelbarrow
23:12 Town Watch
23:24 Arson
24:17 Town Watch
25:29 Gold Mining
26:02 Ballistics
25:53 Masonry
26:51 Heavy Plow
27:37 Squires
27:19 Treadmill Crane
29:01 Hand Cart
28:46 Town Patrol
29:05 Padded Archer Armor
28:55 Fletching
29:08 Scale Mail Armor
29:18 Forging
29:26 Town Patrol
33:13 Imperial Age
31:16 Leather Archer Armor
32:18 Bodkin Arrow
32:40 Chain Mail Armor
32:35 Forging
32:06 Pikeman
33:08 Yeomen
33:37 Elite Longbowman
34:37 Conscription
34:29 Warwolf
35:54 Chemistry
35:25 Architecture
35:19 Bracer
36:17 Ring Archer Armor
35:24 Halberdier
bediarguez
3:29 Loom
6:57 Loom
12:22 Feudal Age
18:31 Castle Age
17:39 Double-Bit Axe
20:40 Stone Mining
22:33 Bow Saw
22:17 Gold Mining
22:50 Forging
22:41 Scale Mail Armor
26:19 Gold Shaft Mining
27:14 Iron Casting
28:03 Wheelbarrow
27:22 Town Watch
34:04 Imperial Age
32:40 Scale Barding Armor
34:12 Hand Cart
34:24 Chain Barding Armor
34:43 Husbandry
35:07 Conscription
34:13 Cavalier
35:57 Blast Furnace
36:09 Plate Barding Armor
35:37 Chivalry
35:47 Paladin
42:41 Caravan
Macklemore
2:27 Loom
11:39 Feudal Age
20:12 Castle Age
18:41 Man-at-Arms
21:03 Long Swordsman
21:57 Forging
21:38 Fletching
21:54 Scale Barding Armor
22:29 Wheelbarrow
22:26 Double-Bit Axe
22:27 Horse Collar
23:08 Stone Mining
23:37 Bow Saw
23:57 Gold Mining
25:26 Heavy Plow
26:30 Scale Mail Armor
27:15 Town Watch
27:59 Squires
31:31 Iron Casting
31:56 Gold Shaft Mining
31:59 Ballistics
32:34 Chain Mail Armor
32:51 Fortified Wall
34:01 Hand Cart
34:26 Bodkin Arrow
35:15 Padded Archer Armor
35:36 Chain Barding Armor
39:58 Leather Archer Armor
43:10 Imperial Age
41:44 Husbandry
41:54 Bloodlines
Connection lost

Rejoining the realm…

Still unreachable

The connection could not be restored.

Session expired

The server has moved on; the page needs a fresh start.